 Dungeon Crawl Stone Soup version 0.25.1-8-g42b30a86e7 (webtiles) character file.

Game seed: 3768193360045898441

29568 Gabide the Spear-Bearer (level 13, -10/102 (108) HPs)
             Began as a Ghoul Monk on Dec 15, 2020.
             Was an Elder of Yredelemnul.
             Mangled by a sixfirhy (11 damage)
             ... summoned by an orc high priest
             ... on level 2 of the Orcish Mines.
             The game lasted 00:52:51 (18977 turns).

Gabide the Spear-Bearer (Ghoul Monk)               Turns: 18977, Time: 00:52:51

HP:   -10/102 (108) AC:  6    Str: 20    XL:     13   Next: 46%
MP:   15/15         EV: 20    Int:  7    God:    Yredelemnul [****..]
Gold: 1178          SH:  0    Dex: 17    Spells: 12/12 levels left

rFire    + . .     SeeInvis .   F - +11 quarterstaff of the Common Good {drain, MR+ Int+2}
rCold    + . .     Gourm    .   (shield currently unavailable)
rNeg     + + +     Faith    .   x - +1 robe of the Ant {rF+}
rPois    ∞         Spirit   .   B - +2 hat
rElec    .         Reflect  .   b - scarf {+Inv}
rCorr    .         Harm     .   k - +0 pair of gloves
MR       ++...                  (no boots)
Stlth    +++.......             d - amulet of the acrobat
HPRegen  0.00/turn              g - ring of protection from magic
MPRegen  0.14/turn              y - +6 ring of dexterity

@: starving, rotting
A: rotting body, claws 1, carnivore, cold resistance 1, negative energy
resistance 3, inhibited regeneration, torment resistance, unbreathing
a: Recall Undead Slaves, Injury Mirror, Animate Dead, Drain Life, Renounce
Religion, Evoke Invisibility


You were on level 2 of the Orcish Mines.
You worshipped Yredelemnul.
Yredelemnul was greatly pleased with you.
You were starving.

You visited 3 branches of the dungeon, and saw 14 of its levels.

You collected 1590 gold pieces.
You spent 412 gold pieces at shops.

Inventory:

Hand Weapons
 h - a +6 trident of venom
 F - the +11 quarterstaff of the Common Good (weapon) {drain, MR+ Int+2}
   (You found it on level 9 of the Dungeon)

   A truly terrible weapon, it drains the life of those it strikes.
   It affects your intelligence (+2).
   It affects your resistance to hostile enchantments.
Missiles
 a - 18 boomerangs
 i - 28 poisoned darts (quivered)
Armour
 b - a scarf of invisibility (worn)
 f - a +2 tower shield
 k - a +0 pair of gloves (worn)
 u - a +2 buckler
 x - the +1 robe of the Ant (worn) {rF+}
   (You found it on level 8 of the Dungeon)

   It protects you from fire.
 B - a +2 hat (worn)
Jewellery
 d - an amulet of the acrobat (around neck)
 g - a ring of protection from magic (left hand)
 j - an uncursed ring of stealth
 s - the ring of Tedghutucs {+Blink rN+ Int+2}
   (You found it on level 5 of the Dungeon)

   [ring of positive energy]

   It affects your intelligence (+2).
   It protects you from negative energy.
   It lets you blink.
 y - a +6 ring of dexterity (right hand)
Wands
 t - a wand of iceblast (13)
 w - a wand of polymorph (9)
 A - a wand of random effects (16)
 D - a wand of disintegration (4)
 G - a wand of flame (17)
Scrolls
 e - 7 scrolls of remove curse
 o - 3 scrolls of magic mapping
 p - a scroll of amnesia
Potions
 m - 2 potions of brilliance
Comestibles
 c - 5 rations


   Skills:
 + Level 8.4 Fighting
 - Level 10.9(12.1) Polearms
 * Level 9.0(11.3) Staves
 - Level 3.7 Armour
 + Level 10.4 Dodging
 - Level 3.6 Stealth
 - Level 4.0 Shields
 + Level 5.2 Invocations
 - Level 3.2 Evocations


You had 12 spell levels left.
You didn't know any spells.
Your spell library contained the following spells:

 Spells                   Type           Power        Failure   Level  Hunger
 Corona                   Hex            #......      43%         1    ##.....
 Infusion                 Chrm           #...         43%         1    ##.....
 Ensorcelled Hibernation  Hex/Ice        #.....       56%         2    ###....
 Shroud of Golubria       Chrm/Tloc      #.....       56%         2    ###....
 Song of Slaying          Chrm           #.......     56%         2    ###....
 Confusing Touch          Hex            #.......     80%         3    ####...
 Dazzling Flash           Conj/Hex       #.....       80%         3    ####...
 Ozocubu's Armour         Chrm/Ice       #.......     80%         3    ####...
 Spectral Weapon          Hex/Chrm       #.......     80%         3    ####...
 Tukima's Dance           Hex            #.......     80%         3    ####...


Dungeon Overview and Level Annotations

Branches:
Dungeon (11/15)            Temple (1/1) D:4            Lair (0/6) D:9
    Orc (2/2) D:11
    Elf: Orc:2

Altars:
Ashenzari
Cheibriados
Dithmenos
Elyvilon
Fedhas
Gozag
Hepliaklqana
Kikubaaqudgha
Makhleb
Nemelex Xobeh
Okawaru
Qazlal
Ru
Sif Muna
Trog
Uskayaw
Vehumet
Wu Jian
Xom
Yredelemnul
Zin
The Shining One
Beogh

Shops:
D:6 [   D:8 [   D:9 !   Orc:1 (

Annotations:
D:3 3 runed translucent doors, ciphuk's ghost, weakling GrEE; weresquid's ghost, amateur GrGl
Temple exclusions: upstairs and 4 more exclusions


Innate Abilities, Weirdness & Mutations

Your body is rotting away.
You thrive on raw meat.
You are immune to poison.
You have sharp fingernails.
You are carnivorous and can eat meat at any time.
Your flesh is cold resistant. (rC+)
You are immune to negative energy. (rN+++)
You do not regenerate when monsters are visible.
You are immune to unholy pain and torment.
You can survive without breathing.


Message History

Beogh smites you!
The orc high priest calls down the wrath of Beogh upon you.
Beogh smites you!
* * * LOW HITPOINT WARNING * * *
Your orc warrior zombie closely misses the orc warrior.
The sixfirhy completely misses you.
The orc warlord roars a battlecry!
The orc knight goes into a battle-frenzy!
The sixfirhy hits you!
* * * LOW HITPOINT WARNING * * *
The sixfirhy shocks you!
* * * LOW HITPOINT WARNING * * *
Okay, then.
Okay, then.
Magic courses through your body. The sixfirhy closely misses you.
The sixfirhy barely misses you. The sixfirhy hits you.
* * * LOW HITPOINT WARNING * * *
The sixfirhy shocks you!
You die...
Yredelemnul claims you as an undead slave.

................#.....#......##..
.............#.......#...........
.. ..........................
..........#...............
..#..##..####...)..........
..#.......##.#..[).#.......
...#..#...[[.)#)...........
..........#..###...........
.........3@..# ##)........#
...............#o.## #..........
...<. ....#.oo4o..# #..<.......
....# ##. #...4o#..# ##......#..
....# #.Z...#.## ##........ ....#
#8oo)8### ##..#.... .#..##
#.)..o# ##.##..# .....# #..).o#
......# .....# .....o... . ......


You could see an orc warlord (strong), an orc knight (strong), an orc high
priest (strong), a sixfirhy (summoned), a red devil (summoned), 4 orc warriors
and 2 orc priests.

Vanquished Creatures
  Erica (D:8)
  2 two-headed ogres
  2 orc knights (Orc:2)
  A deep elf mage (D:10)
  2 orc sorcerers (Orc:2)
  A cyclops (D:11)
  A manticore (D:11)
  Maurice (D:10)
  3 trolls
  A hornet (D:11)
  2 hippogriffs
  A wraith (D:9)
  A vampire (D:9)
  4 hungry ghosts
  Edmund (D:3)
  2 wargs
  A soldier ant (D:11)
  2 porcupines (D:9)
  A water moccasin (D:9)
  20 orc warriors
  4 sky beasts
  3 black bears
  2 phantoms
  3 ice beasts (D:7)
  2 necrophages
  9 ogres
  3 wolves (D:9)
  10 centaurs
  2 crocodiles (D:9)
  3 big kobolds
  6 bullfrogs
  A gnoll sergeant (D:9)
  A wyvern skeleton (D:11)
  A scorpion (D:10)
  A water moccasin skeleton (D:6)
  10 killer bees
  5 wights (D:7)
  2 howler monkeys
  3 crimson imps
  A quasit (D:11)
  11 orc priests
  3 hounds
  7 jellies
  16 orc wizards
  A bullfrog skeleton (D:4)
  3 iguanas
  A centaur skeleton (D:7)
  Terence (D:3)
  10 worker ants
  A crocodile zombie (D:9)
  A hound zombie (D:7)
  A worker ant zombie (D:11)
  A howler monkey skeleton (D:4)
  11 gnolls
  13 adders
  2 shadow imps
  3 oozes
  7 worms
  4 dart slugs
  3 leopard geckos
  79 orcs
  4 ball pythons
  7 giant cockroaches
  7 goblins
  8 hobgoblins
  8 jackals
  23 kobolds
  2 quokkas
  7 bats
  7 frilled lizards
  A leopard gecko zombie (D:7)
  A quokka skeleton (D:7)
  9 rats
385 creatures vanquished.

Vanquished Creatures (collateral kills)
  An orc knight (D:11)
  An ugly thing (D:11)
  An orc sorcerer (Orc:2)
  A centaur skeleton (D:11)
  A troll (Orc:2)
  A steam dragon (D:11)
  2 wargs (D:11)
  6 orc warriors
  A phantom (D:11)
  2 centaurs
  A crocodile (D:9)
  2 bullfrogs
  4 orc priests
  A quasit (D:11)
  3 orc wizards
  A worker ant (D:11)
  16 orcs
  3 kobolds (D:10)
  A goblin (D:11)
  A plant (D:9)
50 creatures vanquished.

Vanquished Creatures (others)
  An ugly thing zombie (D:11)
  2 flying skulls
  A hornet zombie (D:11)
  2 troll zombies
  A wight (D:11)
  A wolf zombie (D:9)
  3 centaur zombies (D:11)
  A soldier ant zombie (D:11)
  A bullfrog zombie (D:11)
  A centaur skeleton (D:10)
  A black bear zombie (D:9)
  2 killer bee zombies (D:11)
  An ogre zombie (Orc:2)
  A sky beast zombie (D:11)
  A necrophage skeleton (D:11)
  A mummy (Orc:1)
  A worker ant zombie (D:11)
  2 adder zombies (D:11)
  An orc skeleton (Orc:1)
  37 orc zombies
  A fungus (D:9)
  A plant (D:9)
  2 withered plants (D:3)
66 creatures vanquished.

Grand Total: 501 creatures vanquished

Notes
Turn   | Place    | Note
-------+----------+-------------------------------------------
     0 | D:1      | Gabide the Ghoul Monk began the quest for the Orb.
     0 | D:1      | Reached XP level 1. HP: 19/19 MP: 0/0
   278 | D:1      | Reached XP level 2. HP: 17/26 MP: 1/1
   749 | D:1      | Reached XP level 3. HP: 30/31 MP: 2/2
  1353 | D:2      | Reached XP level 4. HP: 40/40 MP: 3/3
  2290 | D:2      | Reached XP level 5. HP: 17/46 MP: 4/4
  2879 | D:3      | Reached skill level 1 in Armour
  2909 | D:3      | Reached skill level 1 in Evocations
  3005 | D:3      | Found a runed translucent gate.
  3005 | D:3      | Found a runed translucent gate.
  3005 | D:3      | Found a runed translucent gate.
  3155 | D:3      | Noticed ciphuk's ghost (weakling GrEE)
  3155 | D:3      | Noticed weresquid's ghost (amateur GrGl)
  3395 | D:3      | Noticed Terence
  3639 | D:3      | Killed Terence
  3639 | D:3      | Reached skill level 1 in Shields
  3639 | D:3      | Reached XP level 6. HP: 45/52 MP: 5/5
  4060 | D:4      | Noticed Edmund
  4112 | D:3      | Killed Edmund
  4382 | D:4      | Reached XP level 7. HP: 59/59 MP: 7/7
  4417 | D:4      | Reached skill level 5 in Polearms
  4819 | D:4      | Found a staircase to the Ecumenical Temple.
  4853 | Temple   | Entered the Ecumenical Temple
  5653 | D:5      | Entered Level 5 of the Dungeon
  5703 | D:5      | Reached XP level 8. HP: 61/67 MP: 8/8
  5850 | D:5      | Got a fine marble ring
  5851 | D:5      | Identified the ring of Tedghutucs {+Blink rN+ Int+2} (You
                  | found it on level 5 of the Dungeon)
  5985 | D:5      | Found a glowing silver altar of Zin.
  6965 | D:6      | Found Coobb's Antique Armour Boutique.
  6978 | D:6      | Bought a runed buckler for 202 gold pieces
  7494 | D:7      | Reached XP level 9. HP: 44/73 MP: 10/10
  7748 | D:7      | Reached skill level 5 in Fighting
  7795 | D:7      | Found an opulent altar of Gozag.
  8692 | D:8      | Got a transparent robe
  8703 | D:8      | Identified the +1 robe of the Ant {rF+} (You found it on
                  | level 8 of the Dungeon)
  8780 | D:8      | Found an iron altar of Okawaru.
  8806 | D:8      | Noticed Erica
  9076 | D:8      | Reached XP level 10. HP: 69/81 MP: 11/11
  9445 | D:8      | Killed Erica
  9445 | D:8      | Reached skill level 10 in Polearms
  9652 | D:8      | Found Cuobb's Antique Armour Shop.
  9664 | D:8      | Bought a glowing hat for 210 gold pieces
 10196 | D:9      | Found Uterodi's Distillery.
 10543 | D:9      | Found a basalt altar of Yredelemnul.
 10543 | D:9      | Found a blossoming altar of Fedhas.
 10544 | D:9      | Found a sparkling altar of Nemelex Xobeh.
 10550 | D:9      | Became a worshipper of Yredelemnul the Dark
 10550 | D:9      | Reached * piety under Yredelemnul
 10550 | D:9      | Reached ** piety under Yredelemnul
 10660 | D:9      | Reached skill level 5 in Dodging
 10981 | D:9      | Got a faintly glowing quarterstaff
 11066 | D:9      | Found a staircase to the Lair.
 11430 | D:9      | Identified the +11 quarterstaff of the Common Good {drain,
                  | MR+ Int+2} (You found it on level 9 of the Dungeon)
 11462 | D:10     | Entered Level 10 of the Dungeon
 11469 | D:10     | Noticed a two-headed ogre
 11474 | D:10     | Killed a two-headed ogre
 11474 | D:10     | Reached skill level 1 in Staves
 11474 | D:10     | Reached skill level 1 in Invocations
 11568 | D:10     | Noticed a deep elf mage
 11574 | D:10     | Killed a deep elf mage
 11574 | D:10     | Reached XP level 11. HP: 65/92 MP: 12/12
 12713 | D:10     | Reached *** piety under Yredelemnul
 12754 | D:10     | Noticed Maurice
 12762 | D:10     | Killed Maurice
 13226 | D:11     | Reached skill level 5 in Staves
 13226 | D:11     | Received a gift from Yredelemnul (a wight)
 13601 | D:11     | Noticed a cyclops
 14169 | D:11     | Reached **** piety under Yredelemnul
 14176 | D:11     | Found a staircase to the Orcish Mines.
 14205 | D:11     | Noticed a green ugly thing
 14215 | D:11     | Killed a green ugly thing
 14416 | D:11     | Noticed a manticore
 14427 | D:11     | Killed a manticore
 14452 | D:11     | Received a gift from Yredelemnul (a mummy)
 14844 | D:11     | Killed a cyclops
 15347 | Orc:1    | Entered Level 1 of the Orcish Mines
 15540 | D:11     | Reached XP level 12. HP: 29/93 MP: 13/13
 16188 | D:11     | Received a gift from Yredelemnul (2 flying skulls)
 16800 | Orc:1    | Noticed a two-headed ogre
 16808 | Orc:1    | Killed a two-headed ogre
 16865 | Orc:1    | Found Kerorr's Antique Weapon Boutique.
 16994 | Orc:2    | Entered Level 2 of the Orcish Mines
 17444 | Orc:2    | Reached skill level 10 in Dodging
 17444 | Orc:2    | Reached XP level 13. HP: 101/101 MP: 15/15
 18291 | Orc:2    | Reached skill level 5 in Invocations
 18751 | Orc:2    | Reached ***** piety under Yredelemnul
 18960 | Orc:2    | Found a roughly hewn altar of Beogh.
 18974 | Orc:2    | Noticed an orc warlord
 18976 | Orc:2    | HP: 2/102 [sixfirhy[an orc high priest] (12)]
 18977 | Orc:2    | Mangled by a sixfirhy

Illustrated notes

Levels and vault maps discovered:
D:1:      dpeg_arrival_simpleton_c, layout_loops_ring, serial_bayou_ford_a
D:2:      layout_basic
D:3:      layout_rooms, gammafunk_ghost_cemetery, cheibrodos_sewer_entry_bend,
          uniq_terence
D:4:      layout_loops_corners, minmay_temple_entry_glass,
          kennysheep_generic_room_15, uniq_edmund
D:5:      layout_loops_ring, first_ration, basic_altar,
          small_statue_intersection
D:6:      layout_loops_cross, serial_shops, kennysheep_mini_moat
D:7:      kennysheep_spiral_hall, layout_basic, lemuel_tele_altar
D:8:      layout_cave_pools, okawaru_trees_2, serial_shops, shop_statue,
          uniq_erica
D:9:      layout_stronghold, gammafunk_temple_overflow_claw,
          minmay_lair_entry_grove, serial_shops, shop
D:10:     layout_gridville, grunt_ogre_cave, uniq_maurice
D:11:     layout_stronghold, erik_orc_4
Temple:   eino_narrow_crystal_temple
Orc:1:    layout_caves, serial_shops, nicolae_shop_window_shopping
Orc:2:    grunt_orc_cross, layout_caves, uniq_nessos

Skill      XL: |  1  2  3  4  5  6  7  8  9 10 11 12 13 |
---------------+----------------------------------------+-----
Polearms       | 3 4 5 7 9 10 | 10.9
Dodging        | 3 4 6 10 | 10.4
Armour         | 1 2 3 |  3.7
Evocations     | 1 2 3 |  3.2
Fighting       | 4 5 7 8 |  8.4
Shields        | 1 2 3 4 |  4.0
Stealth        | 3 |  3.6
Staves         | 2 7 8 9 |  9.0
Invocations    | 1 3 4 5 |  5.2

Action                   |  1- 3 |  4- 6 |  7- 9 | 10-12 | 13-15 || total
-------------------------+-------+-------+-------+-------+-------++-------
Melee: Spear             |   111 |   284 |       |       |       ||   395
       Trident           |       |    30 |   351 |   200 |    22 ||   603
       Quarterstaff      |       |       |       |   286 |    94 ||   380
Throw: Stone             |     7 |     1 |       |       |       ||     8
       Throwing net      |       |     1 |       |       |       ||     1
       Boomerang         |       |     6 |       |       |       ||     6
       Dart              |       |     1 |     3 |    30 |    20 ||    54
Invok: Animate Remains   |       |       |       |    19 |       ||    19
       Animate Dead      |       |       |       |    32 |    14 ||    46
       Recall Undead Sla |       |       |       |     3 |     2 ||     5
       Drain Life        |       |       |       |       |     2 ||     2
 Abil: Evoke Invisibilit |       |       |     1 |     1 |       ||     2
  Use: Scroll            |     3 |    11 |     6 |     9 |     1 ||    30
       Potion            |       |     4 |       |     5 |     4 ||    13
 Stab: Sleeping          |     2 |     3 |    11 |     9 |       ||    25
       Invisible         |       |     3 |       |       |       ||     3
       Distracted        |       |       |       |     5 |       ||     5
  Eat: Chunk             |     4 |     5 |    13 |    18 |       ||    40
       Ration            |       |     1 |     1 |    14 |     4 ||    20
Armor: Robe              |     2 |       |     3 |    71 |     8 ||    84
       Ring mail         |    23 |    69 |    52 |       |       ||   144
Dodge: Dodged            |    60 |   118 |   122 |   418 |    96 ||   814
Block: Buckler           |       |    35 |    60 |    34 |       ||   129
